 Dungeon Crawl Stone Soup version 0.26.1-2-gb8aa6d0cf2 (webtiles) character file.

Game seed: 1826192925289802003

76 windgrace the Slasher (level 4, -1/38 (40) HPs)
             Began as a Minotaur Monk on Feb 18, 2021.
             Shot with a stone by a goblin (5 damage)
             ... led by Robin
             ... on level 2 of the Dungeon.
             The game lasted 00:03:44 (1288 turns).

windgrace the Slasher (Minotaur Monk)               Turns: 1288, Time: 00:03:45

HP:   -1/38 (40)    AC:  2    Str: 15    XL:     4   Next: 12%
MP:   3/3           EV: 13    Int:  7    God:
Gold: 37            SH:  0    Dex: 14    Spells: 3/3 levels left

rFire    . . .     SeeInvis .   a - +0 falchion
rCold    . . .     Faith    .   (no shield)
rNeg     . . .     Spirit   .   b - +0 robe
rPois    .         Reflect  .   (helmet restricted)
rElec    .         Harm     .   (no cloak)
rCorr    .         Rampage  .   (no gloves)
Will     .....                  (no boots)
Stlth    ++........             (no amulet)
HPRegen  0.12/turn              (no ring)
MPRegen  0.08/turn              (no ring)

@: drained
A: retaliatory headbutt, horns 2
a: no special abilities


You were on level 2 of the Dungeon.
You visited 1 branch of the dungeon, and saw 2 of its levels.

You collected 37 gold pieces.

Inventory:

Hand Weapons
 a - a +0 falchion (weapon)
 e - a cursed -3 dagger
Armour
 b - a +0 robe (worn)
Scrolls
 c - a scroll of identify {unknown}
 d - 3 scrolls of remove curse {unknown}
Potions
 f - a potion of brilliance {unknown}


   Skills:
 - Level 4.0 Fighting
 + Level 5.8 Long Blades
 - Level 3.2 Dodging
 - Level 1.5 Stealth


You had 3 spell levels left.
You didn't know any spells.
Your spell library was empty.

Dungeon Overview and Level Annotations

Branches:
Dungeon (2/15)

Altars:


Innate Abilities, Weirdness & Mutations

You reflexively headbutt those who attack you in melee.
You have a pair of horns on your head.


Message History

The goblin shoots a stone.
The stone hits you.
* * * LOW HITPOINT WARNING * * *
You see here a stone.
The goblin shoots a stone.
The stone hits you.
* * * LOW HITPOINT WARNING * * *
You see here a stone.
The goblin shoots a stone.
The stone hits you.
* * * LOW HITPOINT WARNING * * *
The goblin shoots a stone.
The stone barely misses you.
You see here a stone.
The goblin shoots a stone.
The stone misses you.
You see here a stone.
A goblin comes into view. It is wielding a +0 club.
The goblin shouts!
A quokka comes into view.
The goblin shoots a stone.
The stone hits you but does no damage.
You see here a stone.
The goblin shoots a stone.
The stone closely misses you.
The goblin shoots a stone.
The stone hits you.
You die...

.+........##.#....#.... ....
##....<.#.##.#....#.#.# ######
#......#.........#.#.# #.g((.
#......######........######(####
#......#.................)....#
#......#.######.....g######.#+##
#..<...#........g.g..# #.......
#......#########.....# #....>..
........r.g..(.@.....####.......
..##########...g.......#.##
##.##########.# #... .# ##### ##


You could see a quokka, a hobgoblin and 4 goblins.

Vanquished Creatures
  Robin (D:2)
  A gnoll (D:1)
  2 adders (D:2)
  2 oozes (D:1)
  A dart slug (D:1)
  6 hobgoblins
  3 ball pythons
  A bat (D:1)
  3 frilled lizards
  5 goblins
  A kobold (D:1)
  3 rats
29 creatures vanquished.

Notes
Turn   | Place    | Note
-------+----------+-------------------------------------------
     0 | D:1      | windgrace the Minotaur Monk began the quest for the Orb.
     0 | D:1      | Reached XP level 1. HP: 19/19 MP: 0/0
    36 | D:1      | Reached skill level 4 in Long Blades
   183 | D:1      | Reached XP level 2. HP: 25/27 MP: 1/1
   810 | D:1      | Reached XP level 3. HP: 33/33 MP: 2/2
  1086 | D:1      | Reached skill level 5 in Long Blades
  1248 | D:2      | Noticed Robin
  1256 | D:2      | Killed Robin
  1257 | D:2      | Reached XP level 4. HP: 10/40 MP: 3/3
  1266 | D:2      | HP: 1/38 [goblin/stone[Robin] (5)]
  1288 | D:2      | Shot with a stone by a goblin

Illustrated notes

Levels and vault maps discovered:
D:1:      elethiomel_arrival_maze, layout_basic
D:2:      layout_basic, uniq_robin

Skill      XL: |  1  2  3 |
---------------+----------+-----
Long Blades    | 4 5 |  5.8
Fighting       | 4 |  4.0
Dodging        | |  3.2
Stealth        | |  1.5

Action                   |  1- 3 |  4- 6 || total
-------------------------+-------+-------++-------
Melee: Falchion          |    65 |     2 ||    67
       Headbutt          |    13 |       ||    13
 Stab: Sleeping          |     3 |       ||     3
Armor: Robe              |     4 |     2 ||     6
Dodge: Dodged            |    39 |     6 ||    45
       Rpst.: Falchion   |    11 |       ||    11
